 Dungeon Crawl Stone Soup version 0.24-a0-497-g5a03d68f59 (webtiles) character file.

Game seed: 16450853871994175055

2074 zkyp the Chopper (level 9, -4/61 HPs)
             Began as a Demonspawn Warper on July 14, 2019.
             Was an Initiate of Kikubaaqudgha.
             Slain by a hornet (7 damage)
             ... on level 8 of the Dungeon.
             The game lasted 00:12:15 (9491 turns).

zkyp the Chopper (Demonspawn Warper)                Turns: 9491, Time: 00:12:16

Health: -4/61      AC:  8    Str: 14 (16) XL:     9   Next: 6%
Magic:  0/12       EV:  7    Int: 12 (14) God:    Kikubaaqudgha [......]
Gold:   92         SH: 13    Dex:  9 (12) Spells: 12/12 levels left

rFire    . . .     SeeInvis .   a - +0 hand axe
rCold    . . .     Gourm    .   z - +0 large shield (curse)
rNeg     . . .     Faith    +   o - +0 ring mail
rPois    .         Spirit   +   (helmet restricted)
rElec    .         Reflect  .   k - scarf {Spirit}
rCorr    +         Harm     .   d - +2 pair of gloves
MR       .....                  (no boots)
Stlth    ..........             q - amulet of faith
HPRegen  0.20/turn              t - ring of resist corrosion
MPRegen  0.13/turn              h - +1 ring of protection

@: lethally poisoned (-4 -> -17), very slightly contaminated, invisible
A: hooves 2, horns 1, blink, deformed body, powered by pain 3
a: Blink, Renounce Religion


You were on level 8 of the Dungeon.
You worshipped Kikubaaqudgha.
Kikubaaqudgha was noncommittal.
You were not hungry.

You visited 2 branches of the dungeon, and saw 9 of its levels.

You collected 429 gold pieces.
You spent 337 gold pieces at shops.

Inventory:

Hand Weapons
 a - a +0 hand axe (weapon)
Missiles
 e - 5 boomerangs of dispersal
 l - 17 boomerangs (quivered)
 y - 17 poisoned darts
Armour
 d - a +2 pair of gloves (worn)
 k - a scarf of spirit shield (worn)
 m - a +0 helmet
 o - a +0 ring mail (worn)
 z - a cursed +0 large shield (worn)
Jewellery
 h - a +1 ring of protection (right hand)
 q - an amulet of faith (around neck)
 t - a ring of resist corrosion (left hand)
Wands
 B - a wand of random effects (6)
Scrolls
 g - 5 scrolls of teleportation
 i - 6 scrolls of identify {unknown}
 j - a scroll of magic mapping {unknown}
 n - a scroll of immolation {unknown}
 p - a scroll of remove curse {@r1}
 s - 3 scrolls of amnesia {unknown}
 v - a scroll of fog {unknown}
 A - a scroll of enchant armour
 C - a scroll of enchant weapon {unknown}
Potions
 r - 2 potions of brilliance {unknown}
 u - a potion of degeneration
 x - 2 potions of agility {unknown}
 E - a potion of flight {unknown}
 F - 2 potions of mutation {!q}
Comestibles
 b - 3 chunks of flesh
 f - 11 rations


   Skills:
 - Level 2.0 Fighting
 - Level 7.6 Axes
 - Level 0.8 Throwing
 + Level 6.3 Armour
 - Level 1.7 Dodging
 - Level 4.6 Shields
 - Level 2.0 Spellcasting
   Level 2.6 Translocations


You had 12 spell levels left.
You didn't know any spells.
Your spell library contained the following spells:

 Spells                   Type           Power        Failure   Level  Hunger
 Blink                    Tloc           N/A          98%         2    ###....
 Shroud of Golubria       Chrm/Tloc      #.....       99%         2    ###....
 Gell's Gravitas          Tloc           #.........   100%        3    ####...
 Lesser Beckoning         Tloc           #.........   100%        3    ####...
 Teleport Other           Tloc           #.......     100%        3    ####...
 Passage of Golubria      Tloc           N/A          100%        4    #####..


Dungeon Overview and Level Annotations

Branches:
Dungeon (8/15)             Temple (1/1) D:6
   Lair: D:8-11

Altars:
Ashenzari
Elyvilon
Fedhas
Gozag
Hepliaklqana
Kikubaaqudgha
Makhleb
Okawaru
Qazlal
Ru
Sif Muna
Trog
Uskayaw
Vehumet
Xom
Yredelemnul
Zin
The Shining One
Lugonu

Shops:
D:5 *?   D:6 [

Annotations:
D:6 3 runed translucent doors, akello96's ghost, novice NaVM; feelmyfire's ghost, novice MfWr; nikopol's ghost, novice DEFE


Innate Abilities, Weirdness & Mutations

You have hoof-like feet.
You are powered by pain.
You have a pair of small horns on your head.
You can translocate small distances at will.
Armour fits poorly on your strangely shaped body.


Message History

You feel sick. The hornet barely misses you.
You are very lightly contaminated with residual magic.
You strike the helpless hornet from behind!
You hit the hornet.
The hornet is severely wounded.
* * * LOW HITPOINT WARNING * * *
You feel sick. You block the hornet's attack. The hornet barely misses you.
It was a potion of mutation.
You feel extremely strange. A pair of horns grows on your head!
Your +0 helmet falls away!
Your body twists and deforms.
You feel jittery.
* * * LOW HITPOINT WARNING * * *
You feel sick. The hornet barely misses you.
It was a potion of degeneration.
There was something very wrong with that liquid.
You feel weakened.
You feel dopey.
You feel clumsy.
* * * LOW HITPOINT WARNING * * *
You feel sick. The hornet stings you!
You die...
Kikubaaqudgha rasps: "You have failed me!
Welcome... death!"

#.# #.# . #.#
#.### #.# ...
#.# #.
#.##.###....
..###....yZ..#
#......#@#
.>.......####
########....#
#.##.##
#..#..##
#......##
#.###...###
######.#
##....#######
#...##รท#
#..........#


You could see a hornet and a centaur zombie.

Vanquished Creatures
  Sigmund (D:6)
  Duvessa (D:6)
  A porcupine (D:5)
  A black bear (D:7)
  An orc warrior (D:6)
  An ogre (D:7)
  A phantom (D:4)
  A centaur (D:5)
  A crocodile (D:8)
  A bullfrog (D:7)
  Dowan (D:6)
  A water moccasin skeleton (D:6)
  2 scorpions (D:5)
  6 killer bees
  A bullfrog zombie (D:5)
  2 crimson imps (D:5)
  A centaur zombie (D:5)
  4 orc wizards
  2 hounds
  Jessica (D:7)
  An iguana (D:5)
  3 worker ants
  2 killer bee zombies
  A worker ant zombie (D:5)
  3 gnolls (D:6)
  8 adders
  A shadow imp (D:5)
  An ooze (D:1)
  5 worms
  3 dart slugs
  A leopard gecko (D:3)
  16 orcs
  3 giant cockroaches
  2 gnoll zombies (D:5)
  2 goblins
  8 hobgoblins
  8 jackals
  9 kobolds
  4 quokkas
  6 bats
  2 frilled lizards
  A leopard gecko zombie (D:3)
  A quokka skeleton (D:4)
  5 rats
127 creatures vanquished.

Vanquished Creatures (others)
  2 plants (D:7)
2 creatures vanquished.

Grand Total: 129 creatures vanquished

Notes
Turn   | Place    | Note
-------+----------+-------------------------------------------
     0 | D:1      | zkyp the Demonspawn Warper began the quest for the Orb.
     0 | D:1      | Reached XP level 1. HP: 16/16 MP: 3/3
    31 | D:1      | Reached skill level 2 in Axes
   326 | D:1      | Gained mutation: You have large cloven feet. [demonic
                  | ancestry]
   326 | D:1      | Reached XP level 2. HP: 13/22 MP: 5/5
   657 | D:1      | Reached skill level 3 in Axes
   852 | D:2      | Found a bloodstained altar of Trog.
  1002 | D:2      | Gained mutation: You have hoof-like feet. [demonic
                  | ancestry]
  1002 | D:2      | Reached XP level 3. HP: 27/27 MP: 6/6
  1890 | D:3      | Reached XP level 4. HP: 33/33 MP: 7/7
  1916 | D:3      | Reached skill level 4 in Axes
  2125 | D:3      | Found a burning altar of Makhleb.
  2652 | D:4      | Found a hide-covered altar of Uskayaw.
  2669 | D:4      | Found an opulent altar of Gozag.
  2716 | D:4      | Noticed a phantom
  3085 | D:3      | Reached XP level 5. HP: 30/38 MP: 5/8
  3371 | D:4      | Killed a phantom
  3371 | D:4      | Reached skill level 5 in Axes
  3872 | D:4      | Found a hazy altar of Hepliaklqana.
  4080 | D:5      | Entered Level 5 of the Dungeon
  4097 | D:5      | Gained mutation: You sometimes gain a little power by
                  | taking damage. [demonic ancestry]
  4097 | D:5      | Reached XP level 6. HP: 17/44 MP: 2/9
  4102 | D:5      | Reached skill level 6 in Axes
  4534 | D:5      | Noticed a porcupine
  4534 | D:5      | an ogre changed into a porcupine
  4754 | D:5      | Noticed a sky beast
  4759 | D:5      | Found Uvvoewk's Assorted Antiques.
  5081 | D:4      | Noticed a golden eye
  5081 | D:4      | a sky beast changed into a golden eye
  5452 | D:5      | Bought a pair of runed gloves for 247 gold pieces
  5488 | D:5      | Reached skill level 7 in Axes
  5488 | D:5      | Gained mutation: You sometimes gain power by taking damage.
                  | [demonic ancestry]
  5488 | D:5      | Reached XP level 7. HP: 39/50 MP: 10/10
  5664 | D:5      | Found a basalt altar of Yredelemnul.
  5958 | D:5      | Found Yguusino's Magic Scroll Boutique.
  5971 | D:5      | Reached skill level 1 in Shields
  6108 | D:5      | Found a white marble altar of Elyvilon.
  6208 | D:5      | Bought a scroll of enchant armour for 90 gold pieces
  6276 | D:6      | Noticed Duvessa
  6277 | D:6      | Noticed Dowan
  6314 | D:6      | Killed Duvessa
  6323 | D:6      | Killed Dowan
  6339 | D:6      | Gained mutation: You are powered by pain. [demonic
                  | ancestry]
  6339 | D:6      | Reached XP level 8. HP: 25/56 MP: 2/11
  6702 | D:6      | Found a staircase to the Ecumenical Temple.
  6781 | Temple   | Entered the Ecumenical Temple
  6804 | Temple   | Became a worshipper of Kikubaaqudgha
  6921 | D:6      | Found Zoatios's Antique Armour Emporium.
  6966 | D:6      | Reached skill level 1 in Armour
  7056 | D:6      | Found a runed translucent gate.
  7056 | D:6      | Found a runed translucent gate.
  7056 | D:6      | Found a runed translucent gate.
  7056 | D:6      | Noticed feelmyfire's ghost (novice MfWr)
  7056 | D:6      | Noticed akello96's ghost (novice NaVM)
  7056 | D:6      | Noticed nikopol's ghost (novice DEFE)
  7212 | D:6      | Found a shattered altar of Ashenzari.
  7231 | D:6      | Noticed Sigmund
  7301 | D:6      | Killed Sigmund
  7703 | D:7      | Found a blossoming altar of Fedhas.
  7904 | D:7      | Noticed Jessica
  8387 | D:6      | Reached skill level 5 in Armour
  8638 | D:7      | Killed Jessica
  8690 | D:7      | Found a deep blue altar of Sif Muna.
  8934 | D:7      | Reached XP level 9. HP: 6/61 MP: 4/12
  9475 | D:8      | Paralysed by a hornet for 1 turns
  9482 | D:8      | Paralysed by a hornet for 1 turns
  9485 | D:8      | Paralysed by a hornet for 3 turns
  9490 | D:8      | Gained mutation: You have a pair of small horns on your
                  | head. [potion of mutation]
  9490 | D:8      | Gained mutation: Armour fits poorly on your strangely
                  | shaped body. [potion of mutation]
  9490 | D:8      | Gained mutation: You can translocate small distances at
                  | will. [potion of mutation]
  9491 | D:8      | HP: 3/61 [poisoned by a hornet]
  9491 | D:8      | Slain by a hornet

Levels and vault maps discovered:
D:1:      shiori_shiawase, layout_rooms
D:2:      layout_basic, serial_glass, glass_columns_a, glass_columns_a,
          feat_on_display, due_unseen_surprise, trog_three_pillars_becter
D:3:      layout_rooms, lemuel_doored_altar, first_ration, hex_medium,
          kennysheep_generic_room_12
D:4:      layout_gridville, nicolae_overflow_hidden_temple
D:5:      layout_rooms, old_standard_altar, lemuel_zombie_altar_yredelemnul,
          serial_shops, shop, kennysheep_little_box
D:6:      layout_loops_ring, minmay_temple_entry_glass, serial_shops, shop,
          gammafunk_ghost_cemetery, minmay_misc_feat_iff,
          grunt_ashenzari_visionary [grunt_ashenzari_visionary_swamp,
          grunt_ashenzari_visionary_snake], uniq_crazy_yiuf_cottage,
          uniq_duvessa, uniq_sigmund
D:7:      layout_rooms, tgw_sif, fedhas_ov_isle_minmay
D:8:      layout_rooms, cheibrodos_worm_habitat, nicolae_tso_carved_into_rock,
          uniq_harold
Temple:   corrupted_temple

Skill      XL: |  1  2  3  4  5  6  7  8 |
---------------+-------------------------+-----
Axes           | 2 3 4 5 7 |  7.6
Shields        | 3 4 |  4.6
Armour         | 6 |  6.3
Fighting       | |  2.0
Throwing       | |  0.8
Dodging        | |  1.7
Spellcasting   | |  2.0
Translocations | |  2.6

Action                   |  1- 3 |  4- 6 |  7- 9 || total
-------------------------+-------+-------+-------++-------
Melee: Hand axe          |   135 |   318 |   440 ||   893
       Kick              |    18 |    64 |    83 ||   165
Throw: Boomerang         |       |       |     3 ||     3
Evoke: Wand              |       |     6 |     8 ||    14
  Use: Scroll            |       |     3 |     2 ||     5
       Potion            |       |     4 |     8 ||    12
 Stab: Invisible         |       |       |     1 ||     1
  Eat: Chunk             |     3 |     8 |    11 ||    22
       Ration            |       |     1 |     1 ||     2
Armor: Leather armour    |    15 |       |       ||    15
       Ring mail         |    32 |   123 |   170 ||   325
Dodge: Dodged            |    87 |   199 |   117 ||   403
Block: Large shield      |       |       |   313 ||   313

Table legend:
 A = Non-vault XP
 B = Vault XP
 C = Vault XP percentage of total XP
 D = Non-vault monster count
 E = Vault monster count
 F = Vault count percentage of total count
                 A         B        C        D         E       F
            +---------+---------+-------+---------+---------+-------
      Total |    2487 |     476 |  16.1 |     120 |       7 |   5.5
            +---------+---------+-------+---------+---------+-------
        D:1 |      32 |       0 |   0.0 |      15 |       0 |   0.0
        D:2 |      44 |       0 |   0.0 |      10 |       0 |   0.0
        D:3 |     108 |       1 |   0.9 |      27 |       1 |   3.6
        D:4 |     237 |       0 |   0.0 |      12 |       0 |   0.0
        D:5 |     775 |       4 |   0.5 |      23 |       2 |   8.0
        D:6 |     399 |     434 |  52.1 |      17 |       3 |  15.0
        D:7 |     742 |      37 |   4.7 |      13 |       1 |   7.1
        D:8 |     150 |       0 |   0.0 |       3 |       0 |   0.0
            +---------+---------+-------+---------+---------+-------
